 Dungeon Crawl Stone Soup version 0.29-a0-91-gdebf4667c2 (webtiles) character file.

Game seed: 7528756147804790264

141 lordive the Bolt Thrower (level 5, -3/32 HPs)
             Began as a Kobold Hunter on Feb 7, 2022.
             Slain by an orc priest (6 damage)
             ... on level 3 of the Dungeon.
             The game lasted 00:02:39 (2641 turns).

lordive the Bolt Thrower (Kobold Hunter)            Turns: 2641, Time: 00:02:39

Health: -3/32      AC:  3    Str:  9    XL:     5   Next: 48%
Magic:  5/5        EV: 14    Int: 15    God:
Gold:   127        SH:  0    Dex: 15    Spells: 4/4 levels left

rFire   . . .      SeeInvis .   a - +1 hand crossbow
rCold   . . .      Faith    .   (no shield)
rNeg    . . .      Spirit   .   c - +0 leather armour
rPois   .          Reflect  .   (no helmet)
rElec   .          Harm     .   (no cloak)
rCorr   .          Rampage  .   (no gloves)
Will    .....                   (no boots)
Stlth   +++.......              (no amulet)
HPRegen 0.10/turn               (no ring)
MPRegen 0.09/turn               (no ring)

@: no status effects
A: small, no large weapons, nightstalker 3
a: no special abilities


You were on level 3 of the Dungeon.
You visited 1 branch of the dungeon, and saw 3 of its levels.

You collected 127 gold pieces.

Inventory:

Hand Weapons
 a - a +1 hand crossbow (weapon)
 b - a +0 short sword
Missiles
 d - 91 bolts (quivered ammo)
Armour
 c - a +0 leather armour (worn)
Scrolls
 e - a scroll of summoning {unknown}
 f - a scroll of identify {unknown}
Potions
 g - a potion of might {unknown}
 h - a potion of brilliance {unknown}
 i - 2 potions of mutation {unknown}
 j - a potion of lignification {unknown}


   Skills:
 * Level 2.9 Fighting
 + Level 2.0 Short Blades
 * Level 5.7 Crossbows
 * Level 1.3 Armour
 * Level 2.9 Dodging
 + Level 3.1 Stealth


You had 4 spell levels left.
You didn't know any spells.
Your spell library contained the following spells:

 Spells                   Type           Power      Damage    Failure   Level
 Beastly Appendage        Tmut           0%         N/A       36%         1
 Wereblood                Tmut           0%         N/A       50%         2
 Spider Form              Tmut/Pois      0%         N/A       73%         3


Dungeon Overview and Level Annotations

Branches:
Dungeon (3/15)

Altars:


Innate Abilities, Weirdness & Mutations

You are small and have problems with some larger weapons.
You are completely attuned to the shadows.


Message History

You barely miss the orc.
The orc is severely wounded.
The orc hits you but does no damage.
You barely miss the orc.
The orc is severely wounded.
The orc closely misses you.
You closely miss the orc.
The orc is severely wounded.
An orc priest comes into view. It is wielding a +0 hand axe.
The orc hits you with a +0 hand axe.
The orc priest shouts!
You hit the orc.
You kill the orc!
No target in view!
No target in view!
No target in view!
No target in view!
Unknown command.
The orc priest mumbles some strange prayers to Beogh against you.
Beogh smites you!
* * * LOW HITPOINT WARNING * * *
a - a +1 hand crossbow (weapon)
Fire: 94 bolts
Press: ? - help, Q - select action Shift-Dir - straight line, f - orc priest
Aim: an orc priest, wielding a +0 hand axe (66% to hit)
You shoot a bolt. The bolt hits the orc priest!
The orc priest is heavily wounded.
Fire: 93 bolts
Press: ? - help, Q - select action Shift-Dir - straight line, f/p - orc priest
Aim: an orc priest, wielding a +0 hand axe (heavily wounded, 66% to hit)
You shoot a bolt. The bolt hits the orc priest.
The orc priest is severely wounded.
Fire: 92 bolts
Press: ? - help, Q - select action Shift-Dir - straight line, f/p - orc priest
Aim: an orc priest, wielding a +0 hand axe (severely wounded, 66% to hit)
You shoot a bolt. The bolt closely misses the orc priest.
The orc priest hits you with a +0 hand axe.
* * * LOW HITPOINT WARNING * * *
The orc priest hits you with a +0 hand axe.
You die...

###..##.##.....#
.......#.##.##.##
####........##.#
#...#.#####.#
#...#.#####.#
#...#...<...#
#...#########
#.)†# #..@# #.)o#
.....( ......(
....(...


You could see an orc priest.

Vanquished Creatures
  Natasha (thrice) (D:2)
  2 adders (D:2)
  A worm (D:2)
  3 orcs (D:3)
  4 ball pythons (D:2)
  4 endoplasms
  6 goblins
  4 hobgoblins
  3 jackals (D:2)
  4 kobolds
  4 quokkas
  2 bats
  A frilled lizard (D:2)
  A rat (D:2)
42 creatures vanquished.

Notes
Turn   | Place    | Note
-------+----------+-------------------------------------------
     0 | D:1      | lordive the Kobold Hunter began the quest for the Orb.
     0 | D:1      | Reached XP level 1. HP: 12/12 MP: 1/1
   174 | D:1      | Found a faded altar of an unknown god.
   218 | D:1      | Reached skill level 5 in Crossbows
   328 | D:1      | Reached XP level 2. HP: 17/17 MP: 2/2
   970 | D:2      | Reached XP level 3. HP: 11/22 MP: 3/3
  1367 | D:2      | Noticed Natasha
  1374 | D:2      | Killed Natasha
  1375 | D:2      | Reached skill level 1 in Short Blades
  1375 | D:2      | Reached skill level 1 in Armour
  1375 | D:2      | Reached XP level 4. HP: 20/27 MP: 4/4
  1491 | D:2      | Noticed Natasha
  1498 | D:2      | Killed Natasha
  1906 | D:2      | Noticed Natasha
  1914 | D:2      | Killed Natasha
  1915 | D:2      | Reached XP level 5. HP: 28/32 MP: 5/5
  2641 | D:3      | Slain by an orc priest

Illustrated notes

Levels and vault maps discovered:
D:1:      minmay_arrival_diagonal_passages, layout_basic,
          chequers_ecumenical_altar_simple, serial_bayou_pond_e
D:2:      layout_loops_ring, uniq_natasha
D:3:      layout_loops_cross, lemuel_round_altar

Skill      XL: |  1  2  3  4  5 |
---------------+----------------+-----
Crossbows      | 5 |  5.7
Stealth        | 2 3 |  3.1
Short Blades   | 1 2 |  2.0
Armour         | 1 |  1.3
Fighting       | |  2.9
Dodging        | |  2.9

Action                   |  1- 3 |  4- 6 || total
-------------------------+-------+-------++-------
Melee: Short sword       |    58 |    75 ||   133
 Fire: Hand crossbow     |     9 |    21 ||    30
  Use: Potion            |     1 |       ||     1
 Stab: Sleeping          |     8 |     6 ||    14
Armor: Leather armour    |    10 |    17 ||    27
Dodge: Dodged            |    42 |    53 ||    95

Table legend: (Time is in decaauts)
 A = Elapsed time spent in this place.
 B = Non-inter-level travel time spent in this place.
 C = Inter-level travel time spent in this place.
 D = Time resting spent in this place.
 E = Time spent auto-exploring this place.
 F = Levels seen in this place.
 G = Mean time per level.
                   A        B        C        D        E       F      G
               +--------+--------+--------+--------+--------+-----+--------+
         Total |   2646 |   2573 |     73 |     12 |   2227 |   3 |  882.0 |
       Dungeon |   2646 |   2573 |     73 |     12 |   2227 |   3 |  882.0 |
               +--------+--------+--------+--------+--------+-----+--------+

Top non-repeatable levels by time:
     D:2: 1635 daAuts
     D:1: 862 daAuts
     D:3: 149 daAuts
